 Dungeon Crawl Stone Soup version 0.15.0-11-g6f4f891 (webtiles) character file.

402 RobertPalmer the Caller (level 6, 0/36 HPs)
             Began as an Octopode Summoner on Aug 31, 2014.
             Shot with an arrow by a centaur (3 damage)
             ... on Level 5 of the Dungeon.
             The game lasted 00:15:57 (4787 turns).

RobertPalmer the Caller (Octopode Summoner)         Turns: 4787, Time: 00:15:58

HP   0/36        AC  3     Str  7      XL: 6   Next: 85%
MP   4/12        EV 12     Int 19      God:
Gold 92          SH  0     Dex 13      Spells:  3 memorised,  5 levels left

rFire  . . .     SeeInvis .     (no weapon)
rCold  . . .     Clarity  .     (no shield)
rNeg   . . .     rCorr    .     (helmet restricted)
rPois  .         rRot     .     s - amulet of the gourmand
rElec  .         Spirit   .     j - ring of flight
SustAb .         Warding  .     t - cursed -2 ring of slaying
rMut   .         Stasis   .     y - +2 ring of protection
Gourm  +                        (no ring)
MR     .....                    (no ring)
                                (no ring)
                                (no ring)
                                (no ring)

@: not resistant to hostile enchantments, fairly stealthy
A: almost no armour, amphibious, 8 rings, constrict 8, camouflage 1, gelatinous
body 1
a: Evoke Flight


You were on level 5 of the Dungeon.
You were very full.

You visited 1 branch of the dungeon, and saw 5 of its levels.

You collected 222 gold pieces.
You spent 130 gold pieces at shops.


Innate Abilities, Weirdness & Mutations

You cannot wear most types of armour.
You are amphibious.
You can wear up to eight rings at the same time.
You can use your tentacles to constrict many enemies at once.
Your skin changes colour to match your surroundings (Stealth).
Your rubbery body absorbs attacks (AC +1).


   Skills:
 - Level 2.0 Dodging
 - Level 2.6 Stealth
 - Level 3.0 Spellcasting
 + Level 7.5 Summonings


You had 5 spell levels left.
You knew the following spells:

 Your Spells              Type           Power        Failure   Level  Hunger
c - Call Canine Familiar  Summ           ####....     1%          3    ###....
x - Call Imp              Summ           ####....     1%          2    ##.....
z - Summon Small Mammal   Summ           ####         1%          1    None

Inventory:

Missiles
 h - 40 poisoned needles
 l - a throwing net (quivered)
Comestibles
 c - 4 bread rations
 f - 2 meat rations
 k - 2 slices of pizza
 u - a royal jelly
Scrolls
 d - 2 scrolls of enchant armour
 e - a scroll of fear
Jewellery
 a - an uncursed amulet of resist mutation
 i - a cursed ring of teleportation
 j - a ring of flight (left tentacle)
 s - an amulet of the gourmand (around mantle)
 t - a cursed -2 ring of slaying (right tentacle)
 y - a +2 ring of protection (on tentacle)
Potions
 g - a potion of curing
 m - a potion of agility {unknown}
 n - 3 potions of might {unknown}
 p - a potion of resistance {unknown}
 r - 2 potions of haste {unknown}
 v - a potion of flight
Books
 b - a book of Callings
 o - a book of Battle

Dungeon Overview and Level Annotations

Branches:
Dungeon (5/15)
 Temple: D:4-7

Altars:
Cheibriados
Makhleb
Xom

Shops:
D:4 =

Annotations:
D:5 Sigmund

##.# #.# #.## ...
##..# #..
#..#....# #..
##.###.### #..
#.## #.# .
##.###.## .
#..#(.##### #.
###h@.....# #.
#(#####.# #(# .
#ยง# ...
#...#.###(#...#.#
........c.........
#...#c#####...##.
#.## ##


You could see a centaur and a friendly hound.


Message History

Your quokka bites the hobgoblin.
The hobgoblin dies!
You see here a club.
A centaur comes into view.
The centaur shouts!
The centaur wields a runed shortbow.
It is covered in frost.
The centaur shoots an arrow.
The arrow hits your quokka. The arrow freezes your quokka.
Your quokka dies!
A beastly little devil appears in a puff of flame.
The centaur shoots an arrow.
The arrow hits you but does no damage.
Unknown command.
The centaur shoots an arrow.
The arrow hits your crimson imp! The arrow freezes your crimson imp!
Your crimson imp dies!
The centaur shoots an arrow.
The arrow completely misses you.
You see here an arrow.
The centaur shoots an arrow.
The arrow hits you. The arrow freezes you.
You see here an arrow.
The centaur shoots an arrow.
The arrow closely misses you.
Unknown command.
The centaur shoots an arrow.
The arrow hits you.
* * * LOW HITPOINT WARNING * * *
The arrow freezes you.
* * * LOW HITPOINT WARNING * * *
x2 The centaur shoots an arrow.
The arrow hits you!
* * * LOW HITPOINT WARNING * * *
The arrow freezes you.
* * * LOW HITPOINT WARNING * * *
You die...

Action                   |  1- 3 |  4- 6 || total
-------------------------+-------+-------++-------
Melee: Unarmed           |    81 |    53 ||   134
 Cast: Summon Small Mamm |    24 |     8 ||    32
       Call Imp          |    13 |    25 ||    38
       Call Canine Famil |       |    32 ||    32
  Use: Scroll            |     7 |     1 ||     8
       Potion            |       |     7 ||     7
 Stab: Sleeping          |     3 |     5 ||     8
  Eat: Chunk             |     5 |    12 ||    17
       Pizza             |     1 |       ||     1

Vault maps used:
D:1:      dpeg_arrival_tiny_i
D:2:      grunt_temple_overflow_open
D:3:      uniq_natasha
D:4:      kennysheep_little_box, first_bread, serial_shops, shop,
          grunt_ministairs_9, columned_hall_lemuel
D:5:      uniq_sigmund

Notes
Turn   | Place    | Note
--------------------------------------------------------------
     0 | D:1      | RobertPalmer, the Octopode Summoner, began the quest for the Orb.
     0 | D:1      | Reached XP level 1. HP: 11/11 MP: 3/3
   162 | D:1      | Reached XP level 2. HP: 6/17 MP: 1/5
   540 | D:1      | Learned a level 2 spell: Call Imp
  1513 | D:2      | Reached XP level 3. HP: 21/21 MP: 3/6
  1774 | D:2      | Found a burning altar of Makhleb.
  1779 | D:2      | Found a shimmering altar of Xom.
  1961 | D:3      | Noticed Natasha
  1980 | D:3      | Killed Natasha
  2233 | D:3      | Noticed Natasha
  2242 | D:3      | Killed Natasha
  2630 | D:3      | Noticed Natasha
  2640 | D:3      | Killed Natasha
  2707 | D:3      | Reached skill level 3 in Spellcasting
  2707 | D:3      | Reached XP level 4. HP: 27/27 MP: 2/9
  2817 | D:3      | Learned a level 3 spell: Call Canine Familiar
  2946 | D:4      | Reached skill level 5 in Summonings
  3153 | D:4      | Noticed an ogre
  3159 | D:4      | Noticed an ogre
  3284 | D:4      | Noticed Erozz's ghost (average OgSk)
  3629 | D:4      | Killed Erozz's ghost
  3629 | D:4      | Reached skill level 6 in Summonings
  3629 | D:4      | Reached XP level 5. HP: 31/31 MP: 0/11
  3677 | D:4      | Noticed an ogre
  3753 | D:4      | Found Fiesow's Jewellery Shop.
  3763 | D:4      | Bought a +2 ring of protection for 130 gold pieces
  3804 | D:4      | Reached XP level 6. HP: 29/36 MP: 3/12
  3935 | D:4      | Killed an ogre
  4058 | D:4      | Reached skill level 7 in Summonings
  4071 | D:4      | Found a snail-covered altar of Cheibriados.
  4295 | D:4      | Killed an ogre
  4454 | D:5      | Entered Level 5 of the Dungeon
  4615 | D:5      | Noticed Sigmund
  4787 | D:5      | HP: 3/36 [centaur/arrow (3)]
  4787 | D:5      | Shot with an arrow by a centaur

Vanquished Creatures
  A hound (D:5)
  2 giant geckos
  7 bats
  2 giant cockroaches
  A hobgoblin (D:2)
  3 jackals
  A quokka (D:4)
  A ball python (D:1)
  2 giant newts
  2 goblins
  5 kobolds
  A kobold skeleton (D:4)
  5 rats
33 creatures vanquished.

Vanquished Creatures (collateral kills)
  The ghost of Erozz the Skirmisher, an average OgSk of Nemelex Xobeh (D:4)
  2 ogres (D:4)
  A scorpion (D:4)
  A giant frog skeleton (D:4)
  A hound (D:4)
  Natasha (thrice) (D:3)
  2 iguanas (D:4)
  3 worker ants
  4 adders
  A shadow imp (D:5)
  A giant mite (D:4)
  An ooze (D:4)
  An orc (D:4)
  3 hobgoblins
  7 jackals
  3 kobolds
  A quokka (D:4)
  A bat (D:4)
  A goblin (D:3)
  A hobgoblin zombie (D:5)
  A rat (D:4)
40 creatures vanquished.

Vanquished Creatures (others)
  11 hounds
  6 crimson imps
  A shadow imp (D:3)
  6 white imps
  3 bats
  6 quokkas
33 creatures vanquished.

Grand Total: 106 creatures vanquished
